 Dungeon Crawl Stone Soup version 0.31-a0-188-g5e087ee2ca (webtiles) character file.

Game seed: 3752100529974343722

53 qw the Shooter (level 3, 0/20 HPs)
             Began as a Deep Elf Hunter on June 23, 2023.
             Slain by a gnoll
             ... wielding a +0 club
              (9 damage)
             ... on level 1 of the Dungeon.
             The game lasted 00:00:19 (926 turns).

qw the Shooter (Deep Elf Hunter)                     Turns: 926, Time: 00:00:20

Health: 0/20       AC:  3    Str: 14    XL:     3   Next: 62%
Magic:  5/5        EV: 12    Int: 13    God:
Gold:   52         SH:  5    Dex: 20    Spells: 2/2 levels left

rFire   . . .        Y - +0 shortbow
rCold   . . .        (shield currently unavailable)
rNeg    . . .        c - +0 leather armour
rPois   .            (no helmet)
rElec   .            (no cloak)
rCorr   .            (no gloves)
SInv    .            (no boots)
Will    .....        h - amulet of reflection
Stlth   ++           f - +6 ring of strength
HPRegen 0.23/turn    (no ring)
MPRegen 0.09/turn

%: reflection
@: no status effects
A: no striking features
a: no special abilities


You were on level 1 of the Dungeon.
You visited 1 branch of the dungeon, and saw 2 of its levels.

You collected 52 gold pieces.


   Skills:
 - Level 1.5 Fighting
 + Level 7.1 Ranged Weapons
 - Level 2.4 Dodging
 - Level 1.2 Stealth


You had 2 spell levels left.
You didn't know any spells.
Your spell library was empty.

Inventory:

Hand Weapons
 Y - a +0 shortbow (weapon)
Armour
 c - a +0 leather armour (worn)
Jewellery
 f - a +6 ring of strength (left hand)
 h - an amulet of reflection (around neck)
Potions
 e - a potion of attraction {unknown}
 k - a potion of mutation {unknown}
 l - a potion of degeneration {unknown}

Dungeon Overview and Level Annotations

Branches:
Dungeon (2/15)

Altars:


Message History

893 ||| STAIRDANCE You climb upwards.
There is a stone staircase leading down here.
Enter note:
Enter note:
Enter note:
Enter note:
Enter note:
Enter note:
Enter note: You start resting.
HP restored.
Done exploring.
(D) Dungeon
Where to? (* - list waypoints, Enter - D:2, ? - help)
What level of the Dungeon? (default 1, ? - help)
You climb downwards.
The kobold shouts!
The gnoll barely misses you. The gnoll hits you with a +0 club!
You block the gnoll's attack.
There is a stone staircase leading up here.
920 ||| STAIRDANCE The gnoll completely misses you.
The gnoll hits you with a +0 club.
You climb upwards.
There is a stone staircase leading down here.
You shoot an arrow. The arrow hits the gnoll.
The gnoll is heavily wounded.
The gnoll barely misses you. x2
You shoot an arrow. The arrow hits the gnoll!
You kill the gnoll!
The gnoll closely misses you.
You shoot an arrow. The arrow hits the gnoll.
The gnoll is lightly wounded.
The gnoll closely misses you.
You shoot an arrow. The arrow barely misses the gnoll.
You block the gnoll's attack.
You shoot an arrow. The arrow hits the gnoll!
The gnoll is severely wounded.
The gnoll hits you with a +0 club!
You die...

#### #.# ...# #.# ...# #.#
...########.#############
#...............#.......#
#.#......##.###.#.#####.#
#.#.............#.#...#.#
#.#......##.#.#.#.#.#.#.#
...............g@)#.#.#.#
#.#......##.#...#.#.#.#.#
#.#......##...#.#.......#
#.##....###..##.###.##..##
#.##....###..............#
#.##..........#.###......#
#.....####.#.........#####
#........................#
#..........##........##.##


You could see a gnoll.

Vanquished Creatures
  3 gnolls
  3 endoplasms
  2 giant cockroaches (D:1)
  A goblin (D:1)
  4 hobgoblins
  2 jackals (D:1)
  2 kobolds
  2 quokkas
  2 ball pythons (D:1)
  A frilled lizard (D:1)
  A rat (D:1)
23 creatures vanquished.

Notes
Turn   | Place    | Note
-------+----------+-------------------------------------------
     0 | D:1      | qw the Deep Elf Hunter began the quest for the Orb.
     0 | D:1      | Reached XP level 1. HP: 12/12 MP: 3/3
     0 | D:1      | 0 ||| qw: Version: 0.3-a-9-g12657ce
     0 | D:1      | 0 ||| qw: Game counter: 3728
     0 | D:1      | 0 ||| qw: Always use a shield: true
     0 | D:1      | 0 ||| qw: God list: Okawaru
     0 | D:1      | 0 ||| qw: Allow faded altars: false
     0 | D:1      | 0 ||| qw: Do Orc after D:15 true
     0 | D:1      | 0 ||| qw: Do second Lair branch before Depths: true
     0 | D:1      | 0 ||| qw: Lair rune preference: random
     0 | D:1      | 0 ||| qw: Plans: Normal
     0 | D:1      | 0 ||| PLANNING D:1-11
   139 | D:1      | Reached XP level 2. HP: 16/16 MP: 4/4
   158 | D:1      | Reached skill level 6 in Ranged Weapons
   434 | D:1      | Found a faded altar of an unknown god.
   802 | D:1      | 802 ||| UPGRADING to amulet of reflection.
   807 | D:1      | 807 ||| UPGRADING to +6 ring of strength.
   808 | D:1      | 808 ||| READING 3 scrolls labelled LUECZO TIS COE.
   836 | D:1      | 836 ||| READING scroll labelled IFAITU MIJUYPT.
   837 | D:1      | 837 ||| READING scroll labelled CYAPNA KAAGROI.
   838 | D:1      | 838 ||| READING scroll labelled ISACLO GYHO.
   842 | D:1      | 842 ||| DROPPING 2 scrolls of torment.
   843 | D:1      | 843 ||| DROPPING scroll of butterflies.
   884 | D:2      | Reached XP level 3. HP: 20/20 MP: 5/5
   888 | D:2      | Reached skill level 7 in Ranged Weapons
   888 | D:2      | 888 ||| FLEEEEING.
   889 | D:2      | 889 ||| FLEEEEING.
   890 | D:2      | 890 ||| FLEEEEING.
   891 | D:2      | 891 ||| FLEEEEING.
   892 | D:2      | 892 ||| FLEEEEING.
   893 | D:2      | 893 ||| STAIRDANCE
   920 | D:2      | 920 ||| STAIRDANCE
   926 | D:1      | Slain by a gnoll

Levels and vault maps discovered:
D:1:      minmay_arrival_radiant_lines, layout_basic,
          shapermc_ecumenical_altar_acropolis
D:2:      layout_rooms

Skill      XL: |  1  2  3 |
---------------+----------+-----
Ranged Weapons | 6 7 |  7.1
Fighting       | |  1.5
Dodging        | |  2.4
Stealth        | |  1.2

Action                     || total
---------------------------++-------
   Fire: Shortbow          ||    54
    Use: Scroll            ||     4
  Dodge: Dodged            ||     7
  Block: Other             ||     2

Table legend:
 A = Non-vault XP
 B = Vault XP
 C = Vault XP percentage of total XP
 D = Non-vault monster count
 E = Vault monster count
 F = Vault count percentage of total count
                 A         B        C        D         E       F
            +---------+---------+-------+---------+---------+-------
      Total |      76 |       0 |   0.0 |      23 |       0 |   0.0
            +---------+---------+-------+---------+---------+-------
        D:1 |      41 |       0 |   0.0 |      17 |       0 |   0.0
        D:2 |      35 |       0 |   0.0 |       6 |       0 |   0.0
            +---------+---------+-------+---------+---------+-------
